 Dungeon Crawl Stone Soup version 0.32-a0-22-g6ae6769602 (console) character file.

Game seed: 13839685045364728163

99 Zeia the Grave Robber (level 4, 0/35 HPs)
             Began as a Demonspawn Necromancer on Jan 18, 2024.
             Slain by Terence
             ... wielding a +0 falchion
              (8 damage)
             ... on level 3 of the Dungeon.
             The game lasted 00:10:05 (2270 turns).

Zeia the Grave Robber (Demonspawn Necromancer)      Turns: 2270, Time: 00:10:05

Health: 0/35       AC:  3    Str:  9    XL:     4   Next: 45%
Magic:  0/7        EV: 12    Int: 17    God:
Gold:   69         SH:  0    Dex: 17    Spells: 4/7 levels left

rFire   + . .        j - +0 dagger
rCold   + + .        (no shield)
rNeg    . . .        c - +1 robe {rC+}
rPois   .            (no helmet)
rElec   .            g - scarf {shadows}
rCorr   .            (no gloves)
SInv    .            (no boots)
Will    .....        (no amulet)
Stlth   ++++         p - ring of protection from fire
HPRegen 0.25/turn    r - ring of protection from cold
MPRegen 0.10/turn

%: no passive effects
@: no status effects
A: thin skeletal structure 2
a: no special abilities


You were on level 3 of the Dungeon.
You visited 1 branch of the dungeon, and saw 3 of its levels.

You collected 69 gold pieces.

Inventory:

Hand Weapons
 j - a +0 dagger (weapon)
Armour
 a - a +0 robe
 c - a +1 robe of cold resistance (worn)
 g - a scarf of shadows (worn)
Jewellery
 p - a ring of protection from fire (left hand)
 r - a ring of protection from cold (right hand)
Scrolls
 e - a scroll of enchant weapon {unknown}
 h - 2 scrolls of teleportation {unknown}
 i - a scroll of blinking {unknown}
 m - 3 scrolls of identify {unknown}
 n - a scroll of fear {unknown}
 q - a scroll of brand weapon {unknown}
 s - a scroll of butterflies {unknown}
Potions
 b - a potion of magic
 d - 2 potions of mutation {unknown}
 f - a potion of curing {unknown}
 k - a potion of invisibility {unknown}
 l - a potion of might {unknown}
 o - 2 potions of heal wounds {unknown}


   Skills:
 - Level 3.1 Fighting
 + Level 2.0 Short Blades
 - Level 0.1 Ranged Weapons
 - Level 1.7 Dodging
 - Level 1.7 Stealth
 - Level 2.0 Spellcasting
 + Level 0.5 Hexes
 - Level 4.3 Necromancy


You had 4 spell levels left.
You knew the following spells:

 Your Spells              Type           Power      Damage    Failure   Level
a - Necrotise             Necr           64%        1d7       3%          1
b - Ensorcelled Hibernat  Hex/Ice        4%         N/A       26%         2

Your spell library contained the following spells:

 Spells                   Type           Power      Damage    Failure   Level
 Sublimation of Blood     Necr           16%        N/A       4%          2
 Vampiric Draining        Necr           16%        2d7       10%         3
 Jinxbite                 Hex            6%         N/A       24%         2
 Call Imp                 Summ           2%         N/A       28%         2
 Animate Dead             Necr           16%        N/A       32%         4
 Passwall                 Erth           1%         N/A       50%         3
 Swiftness                Air            1%         N/A       50%         3
 Curse of Agony           Necr           16%        N/A       65%         5
 Yara's Violent Unravell  Hex/Alch       1%         3d3       99%         5
 Enfeeble                 Hex            1%         N/A       100%        7
 Summon Hydra             Summ           0%         N/A       100%        7


Dungeon Overview and Level Annotations

Branches:
Dungeon (3/15)

Altars:

Shops:
D:2 ?

Annotations:
D:3 Terence


Innate Abilities, Weirdness & Mutations

You have a moderately thin skeletal structure. (Dex +4, Stealth++)


Message History

You hit Terence but do no damage.
Terence is heavily wounded.
Terence closely misses you.
You hit Terence but do no damage.
Terence is heavily wounded.
Terence hits you with a +0 falchion.
You completely miss Terence.
Terence is heavily wounded.
You hit Terence but do no damage.
Terence is heavily wounded.
Terence hits you with a +0 falchion.
You closely miss Terence.
Terence is heavily wounded.
Terence hits you with a +0 falchion.
You are too injured to fight recklessly!
You are too injured to fight recklessly!
You are too injured to fight recklessly!
You are too injured to fight recklessly!
You are too injured to fight recklessly!
You are too injured to fight recklessly!
You hit Terence but do no damage.
Terence is heavily wounded.
Terence barely misses you.
You barely miss Terence.
Terence is heavily wounded.
Terence barely misses you.
You hit Terence but do no damage.
Terence is heavily wounded.
Terence hits you with a +0 falchion.
You hit Terence but do no damage.
Terence is heavily wounded.
Terence hits you with a +0 falchion!
* * * LOW HITPOINT WARNING * * *
Aiming: Necrotise (safe; 3% risk of failure)
Press: ? - help, Q - select action, (/) - cycle Shift-Dir - straight line, f/p - Terence
Aim: Terence, wielding a +0 falchion and wearing a +1 ring mail of fire resistance (heavily wounded, chance to affect: 80%) Terence writhes in agony.
Terence hits you with a +0 falchion!
You die...
Terence says, "That felt goooood."

...................#
...........#######
...........######## ..
..................#
#...
..........######.##....
..........#......#.....
.......................
..!....................
.......................
...........#...#.#...$
.........@.#+#.#.# ...
.......?.@.............
.......................
....................###
...>...........###
...............#
........#......#


You could see Terence.

Vanquished Creatures
  3 adders
  3 dart slugs
  A ribbon worm (D:2)
  5 ball pythons
  3 endoplasms
  A giant cockroach (D:2)
  8 goblins
  5 hobgoblins
  7 jackals
  2 quokkas (D:1)
  7 bats
  2 frilled lizards (D:2)
  6 kobolds
  5 rats
58 creatures vanquished.

Vanquished Creatures (collateral kills)
  A goblin (D:1)
1 creature vanquished.

Grand Total: 59 creatures vanquished

Notes
Turn   | Place    | Note
-------+----------+-------------------------------------------
     0 | D:1      | Zeia the Demonspawn Necromancer began the quest for the
                  | Orb.
     0 | D:1      | Reached XP level 1. HP: 13/13 MP: 3/3
   151 | D:1      | Reached skill level 1 in Fighting
   212 | D:1      | Gained mutation: You have a somewhat thin skeletal
                  | structure. (Dex +2, Stealth+) [demonic ancestry]
   212 | D:1      | Reached XP level 2. HP: 21/21 MP: 0/5
   631 | D:1      | Reached XP level 3. HP: 28/28 MP: 6/6
  1249 | D:2      | Found Qoirupn's Magic Scroll Boutique.
  1266 | D:2      | Reached skill level 1 in Short Blades
  1432 | D:2      | Gained mutation: You have a moderately thin skeletal
                  | structure. (Dex +4, Stealth++) [demonic ancestry]
  1432 | D:2      | Reached XP level 4. HP: 35/35 MP: 3/7
  1740 | D:2      | Learned a level 2 spell: Ensorcelled Hibernation
  2146 | D:3      | Found a faded altar of an unknown god.
  2229 | D:3      | Noticed Terence
  2270 | D:3      | Slain by Terence

Illustrated notes

Levels and vault maps discovered:
D:1:      lightli_iron_boxes, layout_rooms, minmay_cupped
D:2:      layout_basic, serial_shops, nicolae_shop_tiny_statue_garden,
          minmay_vboxes
D:3:      layout_basic, nicolae_ecumenical_pavilion, uniq_terence

Skill      XL: |  1  2  3  4 |
---------------+-------------+-----
Fighting       | 1 2 3 |  3.1
Short Blades   | 1 2 |  2.0
Ranged Weapons | |  0.1
Dodging        | |  1.7
Stealth        | |  1.7
Spellcasting   | |  2.0
Hexes          | |  0.5
Necromancy     | |  4.3

Action                     |  1- 3 |  4- 6 || total
---------------------------+-------+-------++-------
  Melee: Unarmed           |    53 |       ||    53
         Dagger            |    35 |    39 ||    74
   Cast: Necrotise         |    63 |    15 ||    78
         Ensorcelled Hiber |       |     2 ||     2
   Stab: Sleeping          |     3 |     7 ||    10
 Armour: Robe              |    59 |    24 ||    83
  Dodge: Dodged            |    72 |    22 ||    94

Table legend: (Time is in decaauts)
 A = Elapsed time spent in this place.
 B = Non-inter-level travel time spent in this place.
 C = Inter-level travel time spent in this place.
 D = Time resting spent in this place.
 E = Time spent auto-exploring this place.
 F = Levels seen in this place.
 G = Mean time per level.
                   A        B        C        D        E       F      G
               +--------+--------+--------+--------+--------+-----+--------+
         Total |   2264 |   2178 |     86 |    276 |   1412 |   3 |  754.7 |
       Dungeon |   2264 |   2178 |     86 |    276 |   1412 |   3 |  754.7 |
               +--------+--------+--------+--------+--------+-----+--------+

Top non-repeatable levels by time:
     D:2: 1247 daAuts
     D:1: 894 daAuts
     D:3: 122 daAuts
